Map: New Gettysburg LE

Players

Luke

  • Race: Protoss Protoss
  • League: Master

StatiC - Winner!

  • Race: Protoss Protoss
  • League: Master

VOD

https://www.youtube.com/channel/UCcSgNfDNxvyisU-eCj9xyNg/playlists

Description

Time

  • Played on: Aug. 14, 2016, 3:09 p.m.
  • Length: 19:57
Show
View Real Time Build Order
Export as new Build Order

Luke Protoss 

Build Orders:  

Get SALT Encoding   

  12  0:01  Probe (Chrono Boost)  
  13  0:11  Probe (Chrono Boost)  
  14  0:18  Pylon  
  14  0:22  Probe (Chrono Boost)  
  15  0:37  Probe (Chrono Boost), Gateway  
  16  0:46  Assimilator  
  16  0:47  Probe (Chrono Boost)  
  17  0:58  Probe (Chrono Boost)  
  17  0:59  Assimilator  
  18  1:06  Gateway  
  18  1:08  Probe (Chrono Boost)  
  19  1:19  Probe (Chrono Boost), Pylon  
  20  1:29  Cybernetics Core  
  20  1:33  Probe (Chrono Boost)  
  21  1:44  Probe (Chrono Boost)  
  22  1:57  Probe (Chrono Boost)  
  23  2:05  Stalker x2  
  23  2:08  Warp Gate  
  27  2:16  Probe (Chrono Boost)  
  28  2:26  Pylon  
  28  2:27  Mothership Core (Chrono Boost)  
  30  2:45  Probe (Chrono Boost)  
  31  2:54  Stalker x2  
  31  2:55  Probe (Chrono Boost)  
  33  3:32  Nexus  
  33  3:36  Probe (Chrono Boost)  
  33  3:38  Pylon  
  34  3:47  Probe (Chrono Boost)  
  35  3:50  Twilight Council  
  35  3:57  Probe (Chrono Boost)  
  36  4:08  Probe (Chrono Boost)  
  37  4:14  Blink  
  37  4:19  Probe (Chrono Boost), Gateway  
  37  4:31  Probe (Chrono Boost)  
  38  4:32  Stalker x2  
  38  4:37  Robotics Facility  
  42  4:43  Probe (Chrono Boost)  
  43  4:47  Probe (Chrono Boost)  
  44  4:55  Probe (Chrono Boost)  
  45  5:01  Probe (Chrono Boost)  
  45  5:05  Pylon  
  47  5:07  Probe (Chrono Boost)  
  47  5:11  Probe (Chrono Boost)  
  47  5:13  Forge  
  48  5:15  Sentry  
  48  5:16  Stalker  
  48  5:20  Probe (Chrono Boost)  
  53  5:26  Probe (Chrono Boost)  
  53  5:27  Observer  
  55  5:29  Pylon  
  55  5:32  Protoss Ground Weapons Level 1  
  55  5:33  Probe (Chrono Boost)  
  56  5:37  Probe (Chrono Boost)  
  56  5:39  Stalker  
  59  5:44  Assimilator  
  59  5:45  Probe (Chrono Boost)  
  59  5:47  Probe (Chrono Boost)  
  61  5:53  Stalker  
  61  5:55  Stalker  
  65  5:59  Probe x2 (Chrono Boost)  
  67  6:06  Photon Cannon  
  67  6:09  Probe (Chrono Boost)  
  68  6:11  Probe (Chrono Boost)  
  68  6:14  Photon Cannon  
  68  6:18  Stalker  
  69  6:28  Stalker  
  69  6:29  Probe (Chrono Boost)  
  69  6:31  Probe (Chrono Boost)  
  73  6:40  Probe (Chrono Boost), Stalker  
  73  6:43  Probe (Chrono Boost)  
  77  6:51  Probe (Chrono Boost)  
  78  7:07  Nexus, Pylon, Assimilator  
  78  7:09  Pylon  
  78  7:11  Pylon  
  78  7:12  Templar Archives  
  78  7:24  Probe (Chrono Boost)  
  78  7:25  Probe (Chrono Boost)  
  78  7:29  Stalker x3  
  82  7:34  Phoenix  
  82  7:35  Protoss Ground Weapons Level 2, Gateway  
  83  7:37  Probe (Chrono Boost)  
  83  7:38  Gateway  
  83  7:41  Gateway  
  83  7:45  Probe (Chrono Boost)  
  85  7:52  Probe (Chrono Boost)  
  85  7:55  Probe (Chrono Boost)  
  85  7:57  Photon Cannon  
  86  8:02  Psionic Storm  
  86  8:11  High Templar x2  
  90  8:15  Immortal  
  94  8:30  High Templar  
  94  8:34  Gateway  
  96  8:36  Gateway  
  96  8:40  Assimilator  
  96  8:43  Pylon  
  96  8:45  High Templar  
  96  8:47  Assimilator  
  98  8:52  Pylon  
  98  8:57  Immortal  
  98  9:00  High Templar  
  98  9:02  Probe x2 (Chrono Boost)  
  107  9:04  Probe (Chrono Boost)  
  107  9:07  Archon  
  107  9:13  Probe x2 (Chrono Boost)  
  107  9:16  Probe (Chrono Boost)  
  110  9:19  Charge  
  110  9:23  Zealot x3, Probe x2 (Chrono Boost)  
  118  9:24  High Templar  
  118  9:28  Probe (Chrono Boost)  
  121  9:34  Probe x2 (Chrono Boost)  
  124  9:40  Probe (Chrono Boost)  
  124  9:42  High Templar  
  124  9:43  High Templar  
  124  9:44  Probe x2 (Chrono Boost)  
  130  9:45  Zealot  
  130  9:49  Pylon  
  130  9:50  Pylon  
  130  9:52  Probe (Chrono Boost)  
  133  10:07  Immortal  
  133  10:08  Zealot x4, Probe (Chrono Boost)  
  133  10:09  High Templar  
  148  10:21  Gateway  
  148  10:22  Gateway  
  148  10:23  Gateway  
  148  10:41  Protoss Ground Weapons Level 3  
  146  10:47  Stalker  
  148  10:53  Pylon  
  148  10:54  Pylon  
  148  10:57  Pylon  
  148  10:58  Pylon  
  128  11:22  Observer  
  128  11:25  Stalker x6  
  132  11:26  Stalker x2  
  132  11:29  Photon Cannon  
  140  11:38  Warp Prism  
  140  11:42  Nexus  
  140  11:43  Pylon  
  142  11:47  High Templar x2  
  142  11:48  High Templar  
  142  11:49  High Templar x3  
  142  11:52  Stalker x4  
  142  11:53  Archon x3  
  162  11:57  Photon Cannon  
  162  12:01  Pylon  
  160  12:19  Zealot x5  
  170  12:25  Photon Cannon  
  170  12:29  Assimilator  
  170  12:31  Assimilator  
  170  12:39  Photon Cannon  
  170  12:40  Pylon  
  170  12:42  High Templar x5  
  180  12:45  High Templar  
  180  12:46  Zealot x3  
  180  12:47  Zealot x2  
  180  12:48  Archon x2  
  180  12:49  Archon  
  154  13:19  Stalker x7  
  138  13:20  Stalker x4  
  115  13:47  High Templar  
  115  13:48  High Templar  
  117  13:49  Stalker x3  
  117  13:51  Zealot x6  
  135  13:59  Archon  
  135  14:09  Observer  
  135  14:13  High Templar  
  135  14:14  High Templar  
  135  14:15  Zealot x6  
  152  14:18  Archon  
  154  14:25  Mothership Core (Chrono Boost)  
  154  14:26  Photon Cannon x2  
  152  14:39  Stalker x5  
  152  14:45  Stalker x2  
  160  15:01  Stalker x4  
  160  15:14  High Templar x2  
  160  15:15  Warp Prism, Stalker  
  160  15:16  Stalker x3  
  174  15:24  Archon  
  174  15:39  Nexus  
  174  15:41  Pylon  
  162  15:48  Observer  
  113  16:01  Stalker x7  
  113  16:02  Stalker x4  
  96  16:22  Assimilator  
  96  16:25  High Templar x2  
  100  16:26  Assimilator  
  100  16:28  High Templar  
  100  16:30  High Templar  
  100  16:32  Photon Cannon  
  104  16:33  Photon Cannon  
  104  16:34  Zealot  
  104  16:35  Zealot x3  
  104  16:37  Pylon  
  104  16:45  High Templar  
  104  16:47  Stalker x2  
  110  16:48  Zealot x4  
  110  16:50  Archon x2  
  118  17:00  Photon Cannon  
  118  17:11  Photon Cannon  
  118  17:12  Pylon  
  118  17:19  Zealot x6  
  118  17:20  Zealot x2  
  134  17:27  Cybernetics Core  
  128  17:44  Zealot x5  
  114  18:20  Nexus  
  108  18:52  Pylon  
  108  18:55  Pylon  
  108  18:56  Cybernetics Core  
  108  18:57  Pylon  
  108  18:58  Gateway  
  108  18:59  Gateway  
  108  19:01  Dark Shrine  
  108  19:03  Gateway  
  108  19:07  Gateway  
  108  19:18  Photon Cannon  
Show
View Real Time Build Order
Export as new Build Order

StatiC Protoss - Winner!

Build Orders: Oracle Opening 

Get SALT Encoding   

  12  0:01  Probe (Chrono Boost)  
  13  0:11  Probe (Chrono Boost)  
  14  0:18  Pylon  
  14  0:22  Probe (Chrono Boost)  
  15  0:37  Probe (Chrono Boost)  
  15  0:38  Gateway  
  16  0:47  Probe (Chrono Boost)  
  16  0:49  Assimilator  
  17  0:58  Probe (Chrono Boost)  
  17  0:59  Assimilator  
  18  1:08  Probe (Chrono Boost)  
  19  1:12  Gateway  
  19  1:19  Probe (Chrono Boost)  
  20  1:29  Cybernetics Core  
  20  1:30  Probe (Chrono Boost)  
  21  1:38  Pylon  
  21  1:41  Probe (Chrono Boost)  
  22  1:51  Probe (Chrono Boost)  
  23  2:02  Probe (Chrono Boost)  
  23  2:06  Adept x2  
  28  2:15  Stargate  
  28  2:19  Probe (Chrono Boost)  
  29  2:27  Pylon  
  29  2:33  Mothership Core (Chrono Boost)  
  31  2:38  Warp Gate  
  31  2:57  Stalker x2  
  34  3:05  Probe (Chrono Boost)  
  34  3:15  Oracle  
  34  3:24  Pylon  
  34  3:27  Probe (Chrono Boost)  
  36  3:40  Stalker  
  38  3:45  Probe (Chrono Boost)  
  39  3:59  Nexus  
  39  4:02  Pylon  
  39  4:05  Stalker  
  41  4:14  Stalker  
  43  4:26  Probe (Chrono Boost)  
  43  4:27  Pylon  
  44  4:44  Nexus  
  44  4:45  Pylon  
  44  4:46  Robotics Facility, Probe (Chrono Boost)  
  45  4:57  Probe (Chrono Boost)  
  43  5:02  Oracle  
  46  5:07  Probe (Chrono Boost)  
  46  5:09  Sentry  
  49  5:18  Probe (Chrono Boost)  
  50  5:28  Probe (Chrono Boost)  
  50  5:31  Sentry  
  54  5:35  Observer  
  54  5:37  Pylon  
  54  5:39  Probe (Chrono Boost)  
  55  5:48  Pylon  
  55  5:49  Probe (Chrono Boost)  
  56  5:51  Assimilator  
  56  5:53  Void Ray  
  56  5:56  Probe (Chrono Boost)  
  61  6:00  Probe (Chrono Boost)  
  62  6:07  Probe (Chrono Boost)  
  63  6:11  Immortal, Assimilator  
  63  6:16  Probe (Chrono Boost)  
  68  6:22  Probe (Chrono Boost)  
  69  6:27  Probe (Chrono Boost)  
  71  6:32  Zealot, Probe (Chrono Boost)  
  71  6:37  Probe (Chrono Boost)  
  71  6:38  Void Ray  
  78  6:45  Pylon  
  78  6:56  Probe (Chrono Boost)  
  78  6:59  Probe (Chrono Boost)  
  76  7:04  Fleet Beacon  
  76  7:07  Probe (Chrono Boost)  
  77  7:10  Stargate  
  77  7:12  Probe (Chrono Boost)  
  78  7:21  Probe (Chrono Boost)  
  79  7:27  Void Ray  
  79  7:29  Probe (Chrono Boost)  
  84  7:34  Zealot  
  86  7:40  Forge  
  86  7:42  Carrier, Pylon  
  86  7:48  Probe (Chrono Boost)  
  86  7:49  Probe (Chrono Boost)  
  88  7:55  Protoss Air Weapons Level 1  
  94  8:00  Immortal  
  94  8:04  Pylon, Adept  
  101  8:21  Probe (Chrono Boost)  
  101  8:29  Probe (Chrono Boost)  
  101  8:33  Carrier  
  108  8:36  Pylon  
  108  8:40  Probe (Chrono Boost)  
  109  8:42  Nexus  
  109  8:44  Pylon  
  109  8:49  Probe (Chrono Boost)  
  109  8:53  Probe (Chrono Boost)  
  110  9:01  Probe (Chrono Boost)  
  110  9:02  Carrier  
  111  9:05  Nexus  
  111  9:06  Probe (Chrono Boost)  
  111  9:07  Pylon  
  111  9:09  Pylon  
  118  9:20  Probe (Chrono Boost)  
  119  9:24  Stargate, Photon Cannon  
  119  9:30  Photon Cannon  
  125  9:46  Photon Cannon  
  125  9:52  Carrier, Photon Cannon  
  127  10:09  Probe (Chrono Boost)  
  128  10:14  Carrier  
  125  10:22  Photon Cannon  
  125  10:24  Pylon  
  125  10:26  Probe (Chrono Boost)  
  132  10:35  Probe (Chrono Boost)  
  133  10:36  Photon Cannon, Observer  
  132  10:42  Probe (Chrono Boost)  
  132  10:43  Probe (Chrono Boost)  
  132  10:47  Probe (Chrono Boost)  
  132  10:49  Carrier  
  133  10:55  Probe (Chrono Boost)  
  134  10:59  Zealot  
  134  11:03  Protoss Air Weapons Level 2  
  131  11:20  Carrier  
  125  11:26  Photon Cannon  
  125  11:31  Assimilator  
  131  11:33  Photon Cannon  
  131  11:34  Photon Cannon  
  131  11:36  Pylon  
  131  11:49  Carrier  
  131  11:52  Assimilator  
  131  11:55  Pylon  
  131  11:57  Photon Cannon  
  131  11:59  Photon Cannon  
  131  12:00  Pylon  
  139  12:10  Probe x3 (Chrono Boost)  
  139  12:11  Carrier  
  146  12:44  Carrier  
  152  13:00  Nexus  
  152  13:01  Pylon  
  152  13:03  Carrier  
  123  13:26  Carrier  
  118  13:28  Protoss Air Weapons Level 3  
  124  14:16  Adept  
  132  14:18  Carrier  
  132  14:28  Adept  
  132  14:31  Observer  
  141  14:50  Carrier, Protoss Shields Level 1  
  141  14:52  Carrier  
  141  14:56  Photon Cannon  
  141  14:57  Pylon  
  141  14:58  Photon Cannon  
  139  15:01  Pylon  
  139  15:03  Assimilator  
  139  15:06  Assimilator  
  145  15:24  Nexus  
  145  15:25  Pylon  
  145  15:27  Adept  
  147  15:32  Carrier  
  132  16:06  Carrier  
  132  16:11  Nexus  
  132  16:15  Observer  
  132  16:16  Carrier  
  145  16:32  Zealot  
  147  16:47  Carrier  
  151  17:10  Protoss Air Armor Level 1  
  150  17:27  Carrier  
  137  17:37  Observer  
  137  17:42  Carrier  
  124  18:00  Nexus  
  124  18:01  Carrier  
  122  19:25  Observer  
Tags
 
Add a new tag
Caveats
  • Supply blocks, unpowered buildings, or Contaminate may cause inaccurate times.
  • Supply counts are checked every 10 seconds.